 Dungeon Crawl Stone Soup version 0.24.1-4-ge52af88ad5 (webtiles) character file.

Game seed: 1261698521202031895, levelgen mode: deterministic

5312 majuchin the Destroyer (level 10, -14/53 HPs)
             Began as a Tengu Air Elementalist on Apr 13, 2020.
             Was an Elder of Vehumet.
             Demolished by an orc warrior
             ... wielding a +0 hand axe
              (18 damage)
             ... on level 9 of the Dungeon.
             The game lasted 00:37:08 (11576 turns).

majuchin the Destroyer (Tengu Air Elementalist)    Turns: 11576, Time: 00:37:09

Health: -14/53     AC:  9    Str: 11    XL:     10   Next: 64%
Magic:  8/21       EV: 13    Int: 16    God:    Vehumet [****..]
Gold:   414        SH:  5    Dex: 15    Spells: 8/23 levels left

rFire    . . .     SeeInvis .   z - +1 falchion of Uskayaw's Envy {protect, rElec} (curse)
rCold    + . .     Gourm    .   F - +0 buckler
rNeg     . . .     Faith    .   E - +3 ring mail
rPois    .         Spirit   .   (helmet restricted)
rElec    +         Reflect  .   (no cloak)
rCorr    .         Harm     .   (no gloves)
MR       .....                  (boots unavailable)
Stlth    +.........             G - amulet of the acrobat
HPRegen  0.17/turn              u - ring of protection from cold
MPRegen  0.17/turn              (no ring)

@: flying quickly and evasively, quick
A: beak, talons 3, able to fly
a: Stop Flying, Renounce Religion


You were on level 9 of the Dungeon.
You worshipped Vehumet.
Vehumet was greatly pleased with you.
You were hungry.

You visited 1 branch of the dungeon, and saw 9 of its levels.
You also visited: Ossuary.

You collected 414 gold pieces.

Inventory:

Hand Weapons
 e - a cursed -1 hunting sling
 h - a +0 dagger
 x - a +1 war axe
 z - the cursed +1 falchion of Uskayaw's Envy (weapon) {protect, rElec}
   (You found it on level 4 of the Dungeon)

   It grants its wielder temporary protection when it strikes (+7 to AC).
   It insulates you from electricity.
   It has a curse placed upon it.
Missiles
 d - 63 poisoned darts (quivered)
 s - 16 boomerangs
 v - a throwing net
Armour
 E - a +3 ring mail (worn)
 F - a +0 buckler (worn)
Magical Staves
 H - a cursed staff of air {unknown}
Jewellery
 u - a ring of protection from cold (left hand)
 G - an amulet of the acrobat (around neck)
Wands
 j - a wand of polymorph (5)
 n - a wand of flame (13)
Scrolls
 l - 2 scrolls of magic mapping {unknown}
 o - 3 scrolls of fear {unknown}
 q - 11 scrolls of teleportation
 r - a scroll of amnesia
 t - 3 scrolls of immolation {unknown}
 y - a scroll of holy word {unknown}
 A - 2 scrolls of enchant armour
 B - a scroll of enchant weapon
 C - 2 scrolls of remove curse
 I - 2 scrolls of fog {unknown}
Potions
 a - 3 potions of haste
 b - 3 potions of brilliance
 f - a potion of invisibility {unknown}
 g - a potion of cancellation {unknown}
 i - 2 potions of ambrosia {unknown}
 k - 5 potions of flight
 m - a potion of heal wounds {unknown}
 p - 2 potions of curing
 w - a potion of might {unknown}
 D - a potion of degeneration {unknown}
 J - a potion of agility {unknown}
Comestibles
 c - 14 rations
 K - 11 chunks of flesh


   Skills:
 + Level 1.9 Fighting
 + Level 2.9 Long Blades
 - Level 1.0 Axes
 * Level 6.4 Armour
 - Level 2.1 Dodging
 - Level 2.0 Stealth
 * Level 3.1 Shields
 - Level 0.1 Unarmed Combat
 + Level 7.1 Spellcasting
 * Level 11.4 Conjurations
 - Level 2.0 Charms
 + Level 8.8 Air Magic


You had 8 spell levels left.
You knew the following spells:

 Your Spells              Type           Power        Failure   Level  Hunger
a - Shock                 Conj/Air       ####         1%          1    None
b - Airstrike             Air            ####......   2%          4    ####...
c - Static Discharge      Conj/Air       #####...     1%          3    ##.....
d - Swiftness             Chrm/Air       ###.....     4%          2    None
e - Lightning Bolt        Conj/Air       #####.....   3%          5    #####..

Your spell library contained the following spells:

 Spells                   Type           Power        Failure   Level  Hunger
 Force Lance              Conj/Tloc      ###.....     8%          4    ####...


Dungeon Overview and Level Annotations

Branches:
Dungeon (9/15)             Temple (0/1) D:5         Ossuary (visited)
   Lair: D:8-11         Orc: D:9-12

Altars:
Ashenzari
Dithmenos
Hepliaklqana
Nemelex Xobeh
Ru
Sif Muna
Vehumet
Xom
Yredelemnul

Annotations:
D:5 exclusion: downstairs


Innate Abilities, Weirdness & Mutations

You have a beak for a mouth.
You have claws for feet.
You can fly continuously.


Message History

The scorpion is heavily wounded.
The lightning grounds out.
The two-headed ogre hits you with a +0 giant club!!
* * * LOW HITPOINT WARNING * * *
The two-headed ogre hits you but does no damage.
The scorpion completely misses you.
There is an escape hatch in the ceiling here.
The scorpion closely misses you.
You riposte.
You barely miss the scorpion. Your kick misses the scorpion.
The scorpion is heavily wounded.
Found a scratched garnet ring and 16 sling bullets.
Found a stone staircase leading up.
An orc and an orc warrior come into view.
The orc warrior shouts!
The orc shouts!
You block the orc's attack. The orc warrior completely misses you.
There is a stone staircase leading up here.
You block the orc's attack.
The orc warrior hits you with a +0 hand axe!!
You die...

...........
#.............
.###...#.........
......#.........
.....#.........
#...#.<.......
#...#<).......
#o..#s........
#@oO..........
#..o..........
.=...............
.......[..........
#....)......<......
#...).............
#........(........
#................


You could see a two-headed ogre, an orc warrior, a scorpion and 2 orcs.

Vanquished Creatures
  A queen bee (D:8)
  3 black bears
  An ice beast (D:5)
  2 sky beasts (D:8)
  An orc warrior (D:7)
  2 phantoms (D:5)
  A necrophage (D:6)
  A wolf (D:8)
  2 ogres
  4 centaurs
  A gnoll sergeant (D:6)
  6 bullfrogs
  2 scorpions
  29 killer bees
  4 howler monkeys
  5 crimson imps
  A quasit (D:8)
  A centaur zombie (D:6)
  4 hounds
  A bullfrog skeleton (D:5)
  A human zombie (Ossuary)
  6 orc priests
  3 jellies
  10 orc wizards
  Ijyb (D:5)
  An iguana (D:4)
  4 worker ants
  Natasha (thrice) (D:4)
  2 hound zombies
  4 mummies (Ossuary)
  A howler monkey zombie (D:7)
  Robin (D:4)
  12 gnolls
  7 adders
  2 shadow imps
  2 oozes
  5 adder skeletons
  4 worms
  2 dart slugs (D:2)
  2 leopard geckos (D:6)
  42 orcs
  4 ball pythons
  10 bats
  10 giant cockroaches
  17 goblins
  6 hobgoblins
  7 jackals
  2 quokkas
  3 frilled lizards
  A gnoll zombie (Ossuary)
  A goblin zombie (Ossuary)
  A hobgoblin zombie (Ossuary)
  2 jackal zombies (Ossuary)
  6 kobolds
  2 kobold zombies (Ossuary)
  A leopard gecko skeleton (D:5)
  A leopard gecko zombie (D:5)
  An orc zombie (Ossuary)
  A quokka zombie (D:6)
  8 rats
  2 rat zombies (Ossuary)
273 creatures vanquished.

Notes
Turn   | Place    | Note
-------+----------+-------------------------------------------
     0 | D:1      | majuchin the Tengu Air Elementalist began the quest for the
                  | Orb.
     0 | D:1      | Reached XP level 1. HP: 10/10 MP: 4/4
   397 | D:1      | Reached XP level 2. HP: 15/15 MP: 1/6
   795 | D:1      | Reached XP level 3. HP: 18/19 MP: 7/7
   821 | D:1      | Reached skill level 1 in Armour
  1199 | D:2      | Reached skill level 5 in Air Magic
  1394 | D:2      | Reached skill level 2 in Conjurations
  1901 | D:2      | Reached XP level 4. HP: 20/24 MP: 0/9
  2189 | D:2      | Found a shattered altar of Ashenzari.
  2860 | D:3      | Gained mutation: You can fly continuously. [Tengu growth]
  2860 | D:3      | Reached XP level 5. HP: 20/28 MP: 1/10
  3075 | D:3      | Reached skill level 3 in Conjurations
  3507 | D:3      | Found a faded altar of an unknown god.
  3917 | D:4      | Noticed Natasha
  3923 | D:4      | Killed Natasha
  4037 | D:4      | Found a shadowy altar of Dithmenos.
  4037 | D:4      | Found a radiant altar of Vehumet.
  4053 | D:4      | Became a worshipper of Vehumet
  4158 | D:4      | Reached skill level 4 in Conjurations
  4158 | D:4      | Reached XP level 6. HP: 32/32 MP: 6/11
  4290 | D:4      | Learned a level 4 spell: Airstrike
  4310 | D:4      | Noticed Natasha
  4357 | D:4      | Killed Natasha
  4648 | D:4      | Got a warped falchion
  4649 | D:4      | Identified the cursed +1 falchion of Uskayaw's Envy
                  | {protect, rElec} (You found it on level 4 of the Dungeon)
  4654 | D:4      | Learned a level 3 spell: Static Discharge
  4805 | D:4      | Reached skill level 1 in Axes
  4926 | D:4      | Reached skill level 5 in Conjurations
  4926 | D:4      | Reached XP level 7. HP: 29/37 MP: 5/13
  4998 | D:4      | Noticed Robin
  5019 | D:4      | Reached * piety under Vehumet
  5019 | D:4      | Offered knowledge of Freeze by Vehumet.
  5048 | D:4      | Killed Robin
  5226 | D:4      | Noticed Natasha
  5231 | D:4      | Killed Natasha
  5499 | D:5      | Entered Level 5 of the Dungeon
  5562 | D:5      | Reached skill level 1 in Fighting
  5786 | D:5      | Reached skill level 6 in Conjurations
  5851 | D:5      | Reached skill level 1 in Long Blades
  5851 | D:5      | Reached XP level 8. HP: 20/43 MP: 2/15
  6060 | D:5      | Found a hazy altar of Hepliaklqana.
  6104 | D:5      | Noticed Ijyb
  6108 | D:5      | Reached ** piety under Vehumet
  6108 | D:5      | Offered knowledge of Throw Flame by Vehumet.
  6122 | D:5      | Killed Ijyb
  6122 | D:5      | Reached skill level 7 in Conjurations
  6145 | D:5      | Found a sacrificial altar of Ru.
  6350 | D:5      | Learned a level 2 spell: Swiftness
  6394 | D:5      | Found a sparkling altar of Nemelex Xobeh.
  6721 | D:5      | Found a staircase to the Ecumenical Temple.
  6916 | D:6      | Reached skill level 8 in Conjurations
  7255 | D:6      | Found a shimmering altar of Xom.
  7328 | D:6      | Reached skill level 1 in Charms
  7330 | D:6      | Offered knowledge of Throw Frost by Vehumet.
  7403 | D:6      | Reached skill level 5 in Spellcasting
  7403 | D:6      | Reached XP level 9. HP: 46/46 MP: 5/17
  7637 | D:6      | Found a shimmering blue altar of Sif Muna.
  7728 | D:6      | Reached skill level 9 in Conjurations
  7735 | D:6      | Learned a level 5 spell: Lightning Bolt
  8204 | D:6      | Reached skill level 5 in Armour
  8224 | D:7      | Reached *** piety under Vehumet
  8414 | D:7      | Found a sand-covered staircase.
  8418 | Ossuary  | Entered an ossuary
  8443 | Ossuary  | Offered knowledge of Olgreb's Toxic Radiance by Vehumet.
  8964 | D:7      | Reached skill level 1 in Shields
  9094 | D:7      | Reached skill level 10 in Conjurations
  9622 | D:8      | Reached XP level 10. HP: 45/51 MP: 4/20
  9641 | D:8      | Reached **** piety under Vehumet
  9715 | D:8      | Found a basalt altar of Yredelemnul.
  9918 | D:8      | Offered knowledge of Force Lance by Vehumet.
  9921 | D:8      | Reached skill level 11 in Conjurations
 11526 | D:9      | Noticed a two-headed ogre
 11576 | D:9      | Demolished by an orc warrior

Levels and vault maps discovered:
D:1:      onia_arrival_handbag, layout_basic, kennysheep_doodads,
          minmay_misc_feat_encased
D:2:      layout_loops_ring, lemuel_doored_altar
D:3:      layout_rooms, chequers_ecumenical_altar_island
D:4:      layout_gridville, gammafunk_temple_overflow_statue, uniq_menkaure,
          uniq_natasha, uniq_robin
D:5:      layout_basic, lemuel_crystal_altar, nemelex_altar_shiori,
          kennysheep_mini_moat, minmay_temple_entry_statues_fountains,
          first_ration, uniq_ijyb
D:6:      layout_rooms, lemuel_round_altar, xom_teletrap_fun
D:7:      layout_loops_ring, enter_ossuary_5
D:8:      layout_basic, lemuel_coloured_pillars_altar, david_nohive_1
D:9:      layout_long_grid, erik_lair_island, david_orc_5, uniq_grum,
          uniq_joseph

Skill      XL: |  1  2  3  4  5  6  7  8  9 10 |
---------------+-------------------------------+-----
Armour         | 1 2 3 4 5 6 |  6.4
Air Magic      | 5 6 7 8 |  8.8
Conjurations   | 2 4 5 6 8 10 11 | 11.4
Spellcasting   | 3 4 5 6 7 |  7.1
Axes           | 1 |  1.0
Fighting       | 1 |  1.9
Long Blades    | 1 2 |  2.9
Charms         | 1 2 |  2.0
Shields        | 1 3 |  3.1
Dodging        | |  2.1
Stealth        | |  2.0
Unarmed Combat | |  0.1

Action                   |  1- 3 |  4- 6 |  7- 9 | 10-12 || total
-------------------------+-------+-------+-------+-------++-------
Melee: Dagger            |    32 |    45 |       |       ||    77
       Kick              |     8 |    24 |    27 |    29 ||    88
       Peck              |     1 |     8 |    16 |    16 ||    41
       War axe           |       |    21 |       |       ||    21
       Falchion          |       |     8 |    70 |    65 ||   143
       Unarmed           |       |       |    13 |       ||    13
Throw: Dart              |       |       |       |     5 ||     5
 Cast: Shock             |    34 |   112 |   334 |   116 ||   596
       Static Discharge  |       |       |     7 |    12 ||    19
       Lightning Bolt    |       |       |       |     3 ||     3
 Abil: Fly               |       |     1 |       |       ||     1
Evoke: Wand              |       |       |       |     1 ||     1
  Use: Scroll            |       |     7 |     3 |     1 ||    11
       Potion            |       |       |       |     1 ||     1
 Stab: Sleeping          |     6 |     2 |     1 |       ||     9
       Distracted        |       |       |     1 |       ||     1
  Eat: Chunk             |     3 |    10 |    14 |     4 ||    31
       Ration            |       |       |       |     1 ||     1
Armor: Robe              |     5 |    14 |       |       ||    19
       Leather armour    |       |     3 |       |       ||     3
       Ring mail         |       |    15 |    79 |    70 ||   164
       Skin              |       |       |     1 |       ||     1
Dodge: Dodged            |    25 |    70 |   162 |   163 ||   420
Block: Buckler           |       |       |     6 |    48 ||    54
       Rpst.: Falchion   |       |     4 |    49 |    44 ||    97
